 Dungeon Crawl Stone Soup version 0.29.1-12-g30fa7ad0bf (webtiles) character file.

Game seed: 10411809111603008080

25 FaviusArthum the Grave Robber (level 2, 0/15 HPs)
             Began as a Deep Elf Necromancer on Jan 8, 2023.
             Slain by an adder (2 damage)
             ... on level 2 of the Dungeon.
             The game lasted 00:04:53 (1222 turns).

FaviusArthum the Grave Robber (DENe)                Turns: 1222, Time: 00:04:54

Health: 0/15       AC:  2    Str:  5    XL:     2   Next: 86%
Magic:  7/8        EV: 12    Int: 19    God:
Gold:   37         SH:  0    Dex: 15    Spells: 7/8 levels left

rFire   . . .      SeeInvis .   d - +0 dagger
rCold   . . .      Faith    .   (no shield)
rNeg    . . .      Spirit   .   a - +0 robe
rPois   .          Reflect  .   (no helmet)
rElec   .          Harm     .   (no cloak)
rCorr   .          Rampage  .   (no gloves)
Will    .....                   (no boots)
Stlth   ++........              (no amulet)
HPRegen 0.05/turn               (no ring)
MPRegen 0.11/turn               (no ring)

@: lethally poisoned (0 -> -5)
A: no striking features
a: no special abilities


You were on level 2 of the Dungeon.
You visited 1 branch of the dungeon, and saw 2 of its levels.

You collected 37 gold pieces.

Inventory:

Hand Weapons
 d - a +0 dagger (weapon)
 i - a +0 bardiche
Armour
 a - a +0 robe (worn)
Scrolls
 c - a scroll of noise {unknown}
 g - a scroll of identify {unknown}
Potions
 b - a potion of magic
 e - a potion of brilliance {unknown}
 f - a potion of heal wounds {unknown}
 h - 2 potions of ambrosia {unknown}


   Skills:
 + Level 2.4 Dodging
 + Level 2.4 Stealth
 + Level 3.6 Spellcasting
 + Level 5.6 Necromancy


You had 7 spell levels left.
You knew the following spells:

 Your Spells              Type           Power      Damage    Failure   Level
a - Necrotise             Necr           96%        1d8       1%          1

Your spell library contained the following spells:

 Spells                   Type           Power      Damage    Failure   Level
 Vampiric Draining        Necr           24%        2d7       4%          3
 Animate Dead             Necr           24%        N/A       14%         4
 Agony                    Necr           24%        N/A       36%         5


Dungeon Overview and Level Annotations

Branches:
Dungeon (2/15)

Altars:


Message History

You start resting.
Magic restored.
You start resting.
HP restored.
You start waiting.
Done waiting.
There is a stone staircase leading down here.
Okay, then.
Okay, then.
You climb downwards.
There is a stone staircase leading up here.
Casting: Necrotise (safe; 1% risk of failure)
Confirm with . or Enter, or press ? or * to list all spells.
Aiming: Necrotise (safe; 1% risk of failure)
Press: ? - help, Shift-Dir - straight line, f - adder
Aim: an adder (asleep, chance to affect: 88%)
The adder hisses angrily.
The adder writhes in agony!
The adder closely misses you.
You closely miss the adder.
The adder is severely wounded.
The adder bites you.
You are poisoned.
The adder poisons you!
You hit the adder but do no damage.
The adder is severely wounded.
You feel sick. The adder bites you.
You miss the adder.
The adder is severely wounded.
You feel sick. The adder bites you. x2
You are lethally poisoned!
The adder poisons you!
You hit the adder.
The adder is severely wounded.
* * * LOW HITPOINT WARNING * * *
You feel sick. The adder misses you.
You barely miss the adder.
The adder is severely wounded.
* * * LOW HITPOINT WARNING * * *
You feel sick. The adder bites you.
You die...

###
#@#
#S#
#.#
#.#
#.#
#.#
#.#
#.#


You could see an adder.

Vanquished Creatures
  2 bats (D:1)
  3 endoplasms (D:1)
  3 goblins (D:1)
  4 hobgoblins (D:1)
  4 kobolds (D:1)
  A quokka (D:1)
  3 frilled lizards (D:1)
  A rat (D:1)
21 creatures vanquished.

Vanquished Creatures (collateral kills)
  A bat (D:1)
  A kobold (D:1)
2 creatures vanquished.

Grand Total: 23 creatures vanquished

Notes
Turn   | Place    | Note
-------+----------+-------------------------------------------
     0 | D:1      | FaviusArthum the Deep Elf Necromancer began the quest for
                  | the Orb.
     0 | D:1      | Reached XP level 1. HP: 10/10 MP: 6/6
   127 | D:1      | Reached skill level 5 in Necromancy
   347 | D:1      | Reached XP level 2. HP: 15/15 MP: 5/8
  1222 | D:2      | Slain by an adder

Illustrated notes

Levels and vault maps discovered:
D:1:      dpeg_arrival_rhombus, layout_loops_ring, nicolae_eternal_life
D:2:      layout_basic, shapermc_ecumenical_altar_starsandcircs,
          minmay_splitting_lines, grunt_decor_resistance, grunt_ministairs_15

Skill      XL: |  1 |
---------------+----+-----
Necromancy     | 5 |  5.6
Dodging        | |  2.4
Stealth        | |  2.4
Spellcasting   | |  3.6

Action                   || total
-------------------------++-------
Melee: Dagger            ||    19
       Unarmed           ||     1
 Cast: Necrotise         ||    25
 Stab: Sleeping          ||     2
Armor: Robe              ||    12
Dodge: Dodged            ||    20
